 Dungeon Crawl Stone Soup version 0.25.0-62-ga5774d7 (webtiles) character file.

55849 Illumine the Severer (level 14, -6/127 HPs)
             Began as a Minotaur Fighter on June 29, 2020.
             Was the Champion of Okawaru.
             Killed from afar by an ogre mage (37 damage)
             ... with a bolt of lightning
             ... in the Orcish Mines.
             The game lasted 00:07:39 (3112 turns).

Illumine the Severer (Minotaur Fighter)             Turns: 3112, Time: 00:07:41

Health: -6/127     AC: 20    Str: 26    XL:     14   Next: 39%
Magic:  11/20      EV: 15    Int:  5    God:    Okawaru [******]
Gold:   554        SH:  0    Dex: 10    Spells: 13/13 levels left

rFire    . . .     SeeInvis .   I - +2 battleaxe (chop)
rCold    . . .     Gourm    .   (shield currently unavailable)
rNeg     . . .     Faith    .   t - +1 chain mail {MR+}
rPois    .         Spirit   .   (helmet restricted)
rElec    .         Reflect  .   w - +0 cloak
rCorr    .         Harm     .   q - +0 pair of gloves
MR       ++...                  F - +0 pair of boots
Stlth    ..........             y - amulet of regeneration
HPRegen  0.71/turn              (no ring)
MPRegen  0.17/turn              (no ring)

@: heroism, finesse
A: retaliatory headbutt, horns 2
a: Heroism, Finesse, Renounce Religion


You were in the Orcish Mines.
You worshipped Okawaru.
Okawaru was exalted by your worship.
You were hungry.

You visited 2 branches of the dungeon, and saw 3 of its levels.

You collected 554 gold pieces.

Inventory:

Hand Weapons
 a - a +0 war axe
 n - a +0 hunting sling
 x - a +0 flail of protection
 I - a +2 battleaxe of chopping (weapon)
Missiles
 s - 141 stones (quivered)
 u - 13 sling bullets
Armour
 c - a +0 shield
 q - a +0 pair of gloves (worn)
 t - a +1 chain mail of magic resistance (worn)
 w - a +0 cloak (worn)
 F - a +0 pair of boots (worn)
Jewellery
 y - an amulet of regeneration (around neck)
 A - an uncursed ring of ice
 E - an uncursed amulet of the acrobat
 H - a cursed ring of attention {unknown}
Wands
 b - a wand of polymorph (6)
 k - a wand of digging (4)
 z - a wand of flame (12)
Scrolls
 e - 6 scrolls of identify {unknown}
 g - a scroll of enchant weapon {unknown}
 h - 8 scrolls of teleportation {unknown}
 m - 4 scrolls of remove curse {unknown}
 p - a scroll of fog {unknown}
 B - a scroll of magic mapping {unknown}
 C - a scroll of immolation {unknown}
 D - a scroll of summoning {unknown}
 G - a scroll of torment {unknown}
Potions
 d - 2 potions of might
 i - 3 potions of degeneration {unknown}
 j - 3 potions of brilliance {unknown}
 l - a potion of flight {unknown}
 o - a potion of resistance {unknown}
 r - a potion of heal wounds {unknown}
 v - a potion of berserk rage {unknown}
 J - a potion of ambrosia {unknown}
Comestibles
 f - 9 rations


   Skills:
 + Level 12.9(17.9) Fighting
 * Level 16.5(21.5) Axes
 + Level 12.7(17.7) Armour
 + Level 9.4(14.4) Dodging
 - Level 9.6(14.6) Shields
 + Level 10.1 Invocations


You had 13 spell levels left.
You didn't know any spells.
Your spell library was empty.

Dungeon Overview and Level Annotations

Branches:
Dungeon (2/3)              Temple (0/1) D:1          Spider (0/1) D:2
    Orc (1/1) D:2
  Swamp: D:2-3       Shoals: D:2-3        Slime: D:2-3          Elf: Orc:1
 Vaults: D:2-3

Altars:
Cheibriados
Dithmenos
Gozag
Nemelex Xobeh
Okawaru
Sif Muna
Vehumet
Wu Jian
Xom
Yredelemnul


Innate Abilities, Weirdness & Mutations

You reflexively headbutt those who attack you in melee.
You have a pair of horns on your head.


Message History

You kill the ogre!
Okawaru accepts your kill.
You hit the ogre mage. You barely miss the ogre mage.
The ogre mage is heavily wounded.
You slash the two-headed ogre! The ogre mage hits you with a +0 spear.
* * * LOW HITPOINT WARNING * * *
The two-headed ogre closely misses you.
The two-headed ogre hits you but does no damage.
Unknown command.
Okay, then.
You gain the combat prowess of a mighty hero.
The ogre mage barely misses you.
You hit the ogre mage.
The ogre mage is heavily wounded.
You hit the two-headed ogre. You slice the two-headed ogre!!
You hear two shouts!
You hear a shout!
The ogre mage gestures at you while chanting.
The bolt of lightning hits you!
You die...

......... .........
#........ #### .......#
##.... .....##......
#...#.......
.....#.)O)O..... ###
.....##.[@O...O.. #.##
##...###.[#O...... ...##
#.....#...##......
....####........####....
....##...........########.
..........................
..........#...............
..................########
.#.......#.......##


You could see 3 two-headed ogres, an ogre mage and an ogre.

Vanquished Creatures
  Fannar (Orc)
  8 two-headed ogres (Orc)
  2 ogre magi (Orc)
  A deep troll earth mage (D:2)
  An ugly thing (D:2)
  A tengu conjurer (D:2)
  A troll (Orc)
  A wraith (D:2)
  A hungry ghost (D:2)
  2 ice beasts
  5 orc warriors
  A centaur (D:2)
  14 ogres (Orc)
  A bullfrog (D:2)
  A scorpion (D:2)
  A crimson imp (D:2)
  4 orc wizards (Orc)
  A hound (D:2)
  2 orc priests (Orc)
  3 worker ants
  An adder (D:1)
  A shadow imp (D:1)
  5 oozes (D:1)
  10 orcs
  5 giant cockroaches (D:1)
  4 jackals (D:1)
  3 rats (D:1)
81 creatures vanquished.

Notes
Turn   | Place    | Note
-------+----------+-------------------------------------------
     0 | D:1      | Illumine the Minotaur Fighter began the quest for the Orb.
     0 | D:1      | Reached XP level 1. HP: 19/19 MP: 0/0
     3 | D:1      | Found a runed door.
    17 | D:1      | Noticed a worker ant
    23 | D:1      | Killed a worker ant
    23 | D:1      | Reached XP level 2. HP: 18/28 MP: 1/1
    23 | D:1      | Reached XP level 3. HP: 22/34 MP: 2/2
    23 | D:1      | Reached XP level 4. HP: 26/41 MP: 3/3
   211 | D:1      | Reached skill level 3 in Axes
   212 | D:1      | Reached XP level 5. HP: 46/47 MP: 4/4
   218 | D:1      | Reached skill level 5 in Fighting
   225 | D:1      | Reached skill level 5 in Armour
   228 | D:1      | Reached skill level 5 in Shields
   235 | D:1      | Reached skill level 4 in Axes
   235 | D:1      | Reached XP level 6. HP: 55/56 MP: 5/5
   280 | D:1      | Found a sparkling altar of Nemelex Xobeh.
   424 | D:1      | Found an iron altar of Okawaru.
   440 | D:1      | Found a deep blue altar of Sif Muna.
   453 | D:1      | Became a worshipper of Warmaster Okawaru
   586 | D:1      | Found a shimmering altar of Xom.
   586 | D:1      | Found a snail-covered altar of Cheibriados.
   657 | D:1      | Found a radiant altar of Vehumet.
   737 | D:1      | Found an ornate altar of the Wu Jian Council.
   742 | D:1      | Noticed an ice beast
   755 | D:1      | Killed an ice beast
   755 | D:1      | Reached * piety under Okawaru
   755 | D:1      | Reached skill level 6 in Axes
   755 | D:1      | Reached XP level 7. HP: 50/63 MP: 5/7
   903 | D:1      | Found a staircase to the Ecumenical Temple.
  1055 | D:1      | Found a shadowy altar of Dithmenos.
  1135 | D:1      | Found a basalt altar of Yredelemnul.
  1135 | D:1      | Found an opulent altar of Gozag.
  1184 | D:2      | Reached ** piety under Okawaru
  1184 | D:2      | Reached XP level 8. HP: 64/70 MP: 8/8
  1194 | D:2      | Reached skill level 7 in Axes
  1281 | D:2      | Noticed a cyclops
  1302 | D:2      | Reached skill level 8 in Axes
  1312 | D:2      | Reached *** piety under Okawaru
  1312 | D:2      | Reached XP level 9. HP: 58/79 MP: 10/10
  1330 | D:2      | HP: 3/79 [cyclops/large rock (28)]
  1683 | D:2      | Found a hole to the Spider Nest.
  1750 | D:2      | Noticed a white ugly thing
  1762 | D:2      | Killed a white ugly thing
  1762 | D:2      | Reached **** piety under Okawaru
  1762 | D:2      | Reached skill level 10 in Axes
  1762 | D:2      | Reached skill level 5 in Invocations
  1762 | D:2      | Reached XP level 10. HP: 24/90 MP: 12/12
  2263 | D:2      | Reached skill level 1 in Dodging
  2303 | D:2      | Reached ***** piety under Okawaru
  2398 | D:2      | Reached skill level 11 in Axes
  2421 | D:2      | Received a gift from Okawaru
  2421 | D:2      | Reached XP level 11. HP: 57/97 MP: 14/14
  2516 | D:2      | Noticed a deep troll earth mage
  2525 | D:2      | Killed a deep troll earth mage
  2525 | D:2      | Reached ****** piety under Okawaru
  2525 | D:2      | Received a gift from Okawaru
  2525 | D:2      | Reached skill level 12 in Axes
  2534 | D:2      | Found a staircase to the Orcish Mines.
  2553 | Orc      | Entered the Orcish Mines
  2674 | Orc      | Received a gift from Okawaru
  2674 | Orc      | Reached skill level 10 in Fighting
  2674 | Orc      | Reached skill level 10 in Armour
  2881 | Orc      | Reached skill level 5 in Dodging
  2914 | Orc      | Noticed Fannar
  2923 | Orc      | Killed Fannar
  2923 | Orc      | Reached skill level 13 in Axes
  2923 | Orc      | Reached XP level 12. HP: 85/108 MP: 8/16
  3058 | Orc      | Noticed a two-headed ogre
  3058 | Orc      | Noticed a two-headed ogre
  3058 | Orc      | Noticed a two-headed ogre
  3058 | Orc      | Noticed a two-headed ogre
  3058 | Orc      | Noticed a two-headed ogre
  3058 | Orc      | Noticed a two-headed ogre
  3063 | Orc      | Killed a two-headed ogre
  3063 | Orc      | Reached skill level 14 in Axes
  3064 | Orc      | Killed a two-headed ogre
  3064 | Orc      | Noticed an ogre mage
  3067 | Orc      | Killed a two-headed ogre
  3067 | Orc      | Received a gift from Okawaru
  3067 | Orc      | Reached XP level 13. HP: 99/116 MP: 9/18
  3071 | Orc      | Reached skill level 15 in Axes
  3079 | Orc      | Received a gift from Okawaru
  3092 | Orc      | Reached skill level 16 in Axes
  3092 | Orc      | Reached XP level 14. HP: 81/127 MP: 11/20
  3100 | Orc      | Received a gift from Okawaru
  3100 | Orc      | Reached skill level 10 in Invocations
  3112 | Orc      | Killed from afar by an ogre mage

Skill      XL: |  1  2  3  4  5  6  7  8  9 10 11 12 13 14 |
---------------+-------------------------------------------+-----
Fighting       | 4 5 6 7 8 9 10 11 12 | 12.9
Armour         | 4 5 6 7 8 9 10 11 12 | 12.7
Shields        | 4 5 6 7 8 9 |  9.6
Axes           | 3 4 6 8 10 11 13 14 16 | 16.5
Invocations    | 2 3 5 6 7 8 9 10 | 10.1
Dodging        | 3 6 7 8 9 |  9.4

Action                   |  1- 3 |  4- 6 |  7- 9 | 10-12 | 13-15 || total
-------------------------+-------+-------+-------+-------+-------++-------
Melee: War axe           |     2 |    67 |    37 |    42 |       ||   148
       Headbutt          |       |    11 |    10 |    16 |    10 ||    47
       Battleaxe         |       |       |       |    45 |    39 ||    84
Throw: Javelin           |       |       |       |     6 |     3 ||     9
Invok: Heroism           |       |       |       |     3 |     1 ||     4
       Finesse           |       |       |       |     2 |       ||     2
  Eat: Ration            |       |       |     1 |       |       ||     1
       Chunk             |       |       |       |     5 |       ||     5
Armor: Scale mail        |     2 |    19 |       |       |       ||    21
       Chain mail        |       |     8 |    10 |    13 |     5 ||    36
       Plate armour      |       |       |     5 |    35 |       ||    40
       Ring mail         |       |       |       |     2 |       ||     2
Dodge: Dodged            |     1 |    23 |     6 |    30 |    11 ||    71
Block: Shield            |       |    24 |    14 |    21 |       ||    59
